 Dungeon Crawl Stone Soup version 0.32-a0-141-g04fe69798e (webtiles) character file.

Game seed: 3046368170858023406

10789 Kenran the Spear-Bearer (level 11, -1/104 HPs)
             Began as a Minotaur Cinder Acolyte on Feb 11, 2024.
             Was an Elder of Ignis.
             Slain by a boulder beetle (14 damage)
             ... on level 10 of the Dungeon.
             The game lasted 00:19:39 (9741 turns).

Kenran the Spear-Bearer (Minotaur Cinder Acolyte)   Turns: 9741, Time: 00:19:40

Health: -1/104     AC: 15    Str: 25    XL:     11   Next: 40%
Magic:  0/11       EV:  9    Int:  8    God:    Ignis [****..]
Gold:   236        SH:  9    Dex:  8    Spells: 12/12 levels left

rFire   + . .        a - -1 spear (flame)
rCold   . . .        i - +0 kite shield
rNeg    + . .        q - +5 ring mail of the Desolation of Salt {Dex+2}
rPois   +            (helmet restricted)
rElec   .            (no cloak)
rCorr   .            (no gloves)
SInv    +            d - +2 pair of boots of Xinul {rPois rN+ Str+2 Int-3 SInv}
Will    +....        y - amulet of guardian spirit Stlth
                     n - ring of willpower
HPRegen 0.37/turn    (no ring)
MPRegen 0.12/turn

%: guardian spirit
@: about to teleport
A: horns 2, retaliatory headbutt
a: Renounce Religion, Fiery Armour, Foxfire Swarm, Rising Flame


You were on level 10 of the Dungeon.
You worshipped Ignis.
Ignis was greatly pleased with you.
You visited 2 branches of the dungeon, and saw 11 of its levels.

You collected 500 gold pieces.
You spent 264 gold pieces at shops.

Inventory:

Hand Weapons
 a - a -1 spear of flaming (weapon)
Armour
 d - the +2 pair of boots of Xinul (worn) {rPois rN+ Str+2 Int-3 SInv}
   (You acquired it on level 7 of the Dungeon)

   Str+2:     It affects your strength (+2).
   Int-3:     It affects your intelligence (-3).
   rPois:     It protects you from poison rN+: It protects you from negative
   energy.
   SInv:      It lets you see invisible.
 f - a +1 pair of boots
 i - a +0 kite shield (worn)
 q - the +5 ring mail of the Desolation of Salt (worn) {Dex+2}
   (You found it on level 5 of the Dungeon)

   Dex+2:     It affects your dexterity (+2).
Jewellery
 n - a ring of willpower (left hand)
 y - an amulet of guardian spirit (around neck)
 A - a ring of ice
Wands
 s - a wand of mindburst (8)
 v - a wand of iceblast (5)
 B - a wand of flame (9)
 C - a wand of charming (5)
Scrolls
 b - 2 scrolls of immolation {!r}
 e - a scroll of teleportation
 h - a scroll of fear
 m - a scroll of enchant armour
 w - a scroll of enchant weapon
 x - a scroll of revelation {unknown}
 D - a scroll of fog {unknown}
Potions
 c - 2 potions of cancellation
 g - 4 potions of heal wounds {@q2}
 j - a potion of enlightenment
 k - a potion of resistance
 l - 2 potions of curing {@q1}
 o - 2 potions of mutation {unknown}
 p - a potion of haste
 r - a potion of lignification {unknown}
 t - a potion of magic
 u - a potion of ambrosia {unknown}
 z - 2 potions of degeneration {unknown}


   Skills:
 - Level 12.0 Fighting
 - Level 14.0 Polearms
 - Level 10.0 Armour
 + Level 7.3 Shields
 - Level 1.0 Spellcasting
 - Level 2.1 Fire Magic


You had 12 spell levels left.
You didn't know any spells.
Your spell library contained the following spells:

 Spells                   Type           Power      Damage    Failure   Level
 Scorch                   Fire           6%         2d5       54%         2
 Sting                    Conj/Alch      0%         1d3       71%         1
 Lesser Beckoning         Tloc           0%         N/A       83%         2
 Mercury Vapours          Alch/Air       0%         N/A       83%         2
 Call Canine Familiar     Summ           0%         N/A       97%         3
 Gell's Gravitas          Tloc           0%         N/A       97%         3
 Sigil of Binding         Hex            0%         N/A       97%         3
 Teleport Other           Tloc           0%         N/A       97%         3
 Brom's Barrelling Bould  Conj/Erth      0%         2d3       100%        4
 Dimensional Bullseye     Hex/Tloc       0%         N/A       100%        4
 Olgreb's Toxic Radiance  Alch           0%         N/A       100%        4
 Fireball                 Conj/Fire      1%         3d3       100%        5
 Iskenderun's Battlesphe  Conj           0%         2d6       100%        5
 Conjure Ball Lightning   Conj/Air       0%         3x3d6     100%        6
 Dispersal                Tloc           0%         N/A       100%        6
 Orb of Destruction       Conj           0%         9d5       100%        7
 Ozocubu's Refrigeration  Ice            0%         4d7       100%        7
 Discord                  Hex            0%         N/A       100%        8


Dungeon Overview and Level Annotations

Branches:
Dungeon (10/15)            Temple (1/1) D:7            Lair (0/5) D:10
    Orc (0/2) D:9

Altars:
Ashenzari
Cheibriados
Dithmenos
Elyvilon
Fedhas
Gozag
Hepliaklqana
Makhleb
Nemelex Xobeh
Okawaru
Qazlal
Ru
Sif Muna
Trog
Uskayaw
Vehumet
Wu Jian
Xom
Yredelemnul
Zin
The Shining One

Shops:
D:5 (   D:6 [!*:*   D:8 :

Portals:
Trove: D:10 (show slimy rune of Zot)

Annotations:
D:3 1 runed translucent door, Crazy Yiuf


Innate Abilities, Weirdness & Mutations

You have a pair of horns on your head.
You reflexively headbutt those who attack you in melee.


Message History

* * * LOW HITPOINT WARNING * * *
Okay, then.
Okay, then.
As you read the scroll of fear, it crumbles to dust.
You assume a fearsome visage.
The cyclops looks frightened!
The komodo dragon looks frightened!
You feel yourself speed up.
A yak comes into view.
The yak bellows!
The yak moves out of view.
A yak comes into view.
A yak comes into view.
The yak bellows!
A yak comes into view.
You block the yak's attack.
A yak comes into view.
The yak bellows!
The yak attacks as it pursues you! You block the yak's attack.
The yak attacks as it pursues you! The yak gores you but does no damage.
The yak attacks as it pursues you! The yak barely misses you.
The boulder beetle curls into a ball and begins rolling!
You block the unseen horror's attack. The yak attacks as it pursues you!
The yak gores you but does no damage.
As you read the scroll of teleportation, it crumbles to dust.
You feel strangely unstable. The unseen horror hits you.
You block the yak's attack. The boulder beetle hits you!!
* * * LOW HITPOINT WARNING * * *
The boulder beetle stops rolling and uncurls.
The unseen horror hits you but does no damage.
You block the boulder beetle's attack.
The unseen horror attacks as it pursues you!
The unseen horror hits you.
* * * LOW HITPOINT WARNING * * *
The unseen horror hits you.
* * * LOW HITPOINT WARNING * * *
The yak attacks as it pursues you! The yak gores you but does no damage.
The boulder beetle bites you!
You die...
Ignis goes out, and joins you in death.

∩....#........##.# #...........
..≣..#........##.# #..###......
.≣≣..#........##.# #..# #......
.....#........##.# #..# #......
.................# #..# #......
.............>...# #..# #..»...
.................# #..# #..Y...
.................#####..# #......
................@B.Y.Y..###......
##..............xY..l..Y....####.
#................Y...(.....#...#
#.......................#..#..#.
....▓▓▓)▓▓▓..........#..#.... ...
▓.....▓▓.........#..#...# ..
▓..▓.▓.°▓▓........#..#.#..
▓..▓▓o▓▓oB▓▓▓▓▓▓▓▓.#....#≈.
▓..▓.....▓..▓ ▓.#..#.#..


You could see a boulder beetle, a komodo dragon, 5 yaks and an unseen horror
(invisible).

Vanquished Creatures
  Erica (D:9)
  Sonja (D:10)
  Amaemon (D:9)
  Pikel (D:6)
  An orange demon (D:10)
  A gargoyle (D:10)
  An unseen horror (D:7)
  A troll (D:10)
  A slime creature (D:7)
  Sigmund (D:6)
  2 wyverns
  3 shadows
  14 yaks
  3 wraiths (D:10)
  A basilisk (D:7)
  3 water moccasins
  5 orc warriors
  A sky beast (D:7)
  An ice beast (D:7)
  A laughing skull (D:10)
  A black bear (D:8)
  An ogre (D:7)
  4 centaurs
  2 lemures
  A phantom (D:7)
  4 bullfrogs
  2 kobold brigands
  A gnoll sergeant (D:10)
  4 scorpions
  6 killer bees
  3 howler monkeys
  2 bombardier beetles
  3 hounds (D:6)
  3 gnoll boudas
  6 orc priests
  4 jellies (D:6)
  2 iguanas
  Natasha (twice) (D:3)
  10 orc wizards
  3 gnolls (D:4)
  4 adders
  2 shadow imps
  3 white imps
  4 ufetubi
  3 ribbon worms
  4 dart slugs
  39 orcs
  5 ball pythons
  11 endoplasms
  5 giant cockroaches
  8 goblins
  11 hobgoblins
  5 quokkas
  2 bats
  A frilled lizard (D:1)
  16 kobolds
231 creatures vanquished.

Vanquished Creatures (others)
  An orc wizard (D:10)
1 creature vanquished.

Grand Total: 232 creatures vanquished

Notes
Turn   | Place    | Note
-------+----------+-------------------------------------------
     0 | D:1      | Kenran the Minotaur Cinder Acolyte began the quest for the
                  | Orb.
     0 | D:1      | Reached XP level 1. HP: 19/19 MP: 1/1
   148 | D:1      | Reached skill level 4 in Polearms
   175 | D:1      | Reached XP level 2. HP: 26/26 MP: 2/2
   375 | D:1      | Reached skill level 5 in Polearms
   630 | D:1      | Reached XP level 3. HP: 31/31 MP: 3/3
   761 | D:2      | Found a glowing golden altar of the Shining One.
  1217 | D:2      | Reached skill level 6 in Polearms
  1217 | D:2      | Reached XP level 4. HP: 35/39 MP: 4/4
  1433 | D:3      | Found a broken altar of Ashenzari.
  1489 | D:3      | Found a blossoming altar of Fedhas.
  1538 | D:3      | Noticed Natasha
  1575 | D:3      | Killed Natasha
  1593 | D:3      | Reached XP level 5. HP: 37/45 MP: 5/5
  1654 | D:3      | Found a faded altar of an unknown god.
  1667 | D:3      | Reached skill level 7 in Polearms
  1749 | D:3      | Found a basalt altar of Yredelemnul.
  2251 | D:3      | Found a shimmering blue altar of Sif Muna.
  2465 | D:3      | Noticed Natasha
  2476 | D:3      | Killed Natasha
  2538 | D:3      | Found a runed translucent door.
  2539 | D:3      | Noticed Crazy Yiuf
  2648 | D:4      | Reached skill level 8 in Polearms
  2648 | D:4      | Reached XP level 6. HP: 49/51 MP: 6/6
  2799 | D:4      | Identified the +4 hand axe "Death Rattle" {spect, rElec rF-
                  | rCorr}
  3484 | D:5      | Entered Level 5 of the Dungeon
  3630 | D:5      | Reached skill level 9 in Polearms
  3645 | D:5      | Found Vautwuuj's Antique Weapon Emporium.
  3647 | D:5      | Noticed a water moccasin
  3663 | D:5      | Killed a water moccasin
  3775 | D:5      | Bought a sapphire broad axe for 225 gold pieces
  3775 | D:5      | Identified the +0 broad axe of Frustration {spect, rPois
                  | Str+2} (You bought it in a shop on level 5 of the Dungeon)
  3976 | D:5      | Identified the +5 ring mail of the Desolation of Salt
                  | {Dex+2}
  4146 | D:5      | Reached XP level 7. HP: 42/57 MP: 7/7
  4260 | D:5      | Identified a scroll of acquirement
  4275 | D:6      | Reached skill level 10 in Polearms
  4378 | D:6      | Found a burning altar of Makhleb.
  4566 | D:6      | Found a white marble altar of Elyvilon.
  4667 | D:6      | Noticed a walking earthen tome
  4720 | D:6      | Reached skill level 5 in Fighting
  4726 | D:6      | Found Ipi Questrera's Antique Armour Emporium.
  4792 | D:6      | Found Sauf's General Store.
  4824 | D:6      | Found Lujor's Distillery.
  4829 | D:6      | Bought a potion of curing for 39 gold pieces
  4893 | D:6      | Found Noaguo's Assorted Antiques.
  4901 | D:6      | Noticed Sigmund
  4915 | D:6      | Killed Sigmund
  4916 | D:6      | Reached XP level 8. HP: 64/70 MP: 8/8
  5048 | D:6      | Found Iffolyl's Book Emporium.
  5050 | D:6      | Noticed a walking frostbound tome
  5160 | D:7      | Reached skill level 11 in Polearms
  5641 | D:7      | Reached skill level 12 in Polearms
  5650 | D:7      | Reached skill level 1 in Armour
  5650 | D:7      | Reached skill level 1 in Shields
  5813 | D:7      | Reached XP level 9. HP: 77/81 MP: 9/9
  5849 | D:7      | Noticed Pikel
  5929 | D:6      | Killed Pikel
  6051 | D:7      | Found a staircase to the Ecumenical Temple.
  6087 | Temple   | Entered the Ecumenical Temple
  6202 | D:7      | Found an ornate altar of the Wu Jian Council.
  6202 | D:7      | Found a sacrificial altar of Ru.
  6203 | D:7      | Found an iron altar of Okawaru.
  6288 | D:7      | Reached skill level 5 in Armour
  6450 | D:7      | Killed an unseen horror
  6775 | D:7      | Acquired the +2 pair of boots of Xinul {rPois rN+ Str+2
                  | Int-3 SInv}
  6884 | D:8      | Reached XP level 10. HP: 91/91 MP: 10/10
  6978 | D:7      | Reached skill level 13 in Polearms
  7490 | D:8      | Reached skill level 10 in Fighting
  7567 | D:8      | Found Loow's Self-Published Books.
  7906 | D:9      | Noticed Erica
  7926 | D:9      | Killed Erica
  8068 | D:9      | Found a snail-covered altar of Cheibriados.
  8263 | D:9      | Reached skill level 14 in Polearms
  8412 | D:9      | Found a glowing silver altar of Zin.
  8460 | D:9      | Found a staircase to the Orcish Mines.
  8488 | D:9      | Found a hide-covered altar of Uskayaw.
  8492 | D:9      | Noticed a +0 hand axe
  8492 | D:9      | Noticed a +0 hand axe
  8811 | D:10     | Entered Level 10 of the Dungeon
  8811 | D:10     | Noticed Amaemon
  8811 | D:10     | Noticed an orange demon
  8828 | D:9      | Killed Amaemon
  8829 | D:9      | Reached XP level 11. HP: 86/103 MP: 8/11
  8870 | D:10     | Found a staircase to the Lair.
  8944 | D:10     | Noticed Sonja
  8946 | D:10     | Killed Sonja
  9120 | D:9      | Reached skill level 10 in Armour
  9451 | D:10     | Found a portal to a secret trove of treasure.
  9524 | D:10     | Reached skill level 5 in Shields
  9524 | D:10     | Noticed a boulder beetle
  9529 | D:10     | Noticed a two-headed ogre
  9700 | D:10     | HP: 5/104 [cyclops (10)]
  9741 | D:10     | Slain by a boulder beetle

Illustrated notes

Levels and vault maps discovered:
D:1:      heliophobic_arrival_battle_scene, layout_loops_ring,
          amcnicky_mini_pool_small
D:2:      layout_loops_cross, basic_altar, chequers_serial_rivers_small_b,
          minmay_misc_feat_doors
D:3:      layout_basic, fedhas_altar_1, evilmike_ruin_ashenzari,
          mainiacjoe_overflow_paths, mainiacjoe_overflow_surrounded_room,
          shapermc_ecumenical_altar_totnotflames, uniq_natasha,
          uniq_crazy_yiuf_cottage
D:4:      layout_gridville
D:5:      layout_gridville, serial_shops, nicolae_diamond_shop,
          kennysheep_generic_room_7
D:6:      layout_loops_cross, lightli_temple_of_fire,
          mainiacjoe_overflow_catwalk, serial_shops, shop_fountains, shop, shop,
          nicolae_shop_mannequins, shop, uniq_sigmund
D:7:      layout_layer_cave, chequers_temple_overflow_statue_of_worship,
          minmay_temple_entry_fiery, minmay_shattered_shrine, uniq_pikel
D:8:      layout_basic, nicolae_custom_books
D:9:      layout_gridville, kennysheep_mini_moat, dancing_weapons_uskayaw,
          slow_altar_1, orc_0_dummy, minmay_splitting_lines, uniq_erica
D:10:     minmay_the_grid_octo_tiled_squarecenter
          [minmay_the_grid_octo_vomiting_pacman, minmay_the_grid_octo_horde,
          minmay_the_grid_octo_checkerflower, minmay_the_grid_octo_clover_2,
          minmay_the_grid_square_5x5_megaprize_crossed,
          minmay_the_grid_square_5x5_bracketed,
          minmay_the_grid_square_5x5_seven, minmay_the_grid_square_5x5_meh,
          minmay_the_grid_square_5x5_corner], layout_long_grid,
          nicolae_overflow_crystal_walls, dpeg_oklobed_lair,
          nicolae_trove_entry_crossroad, uniq_sonja, uniq_amaemon
Temple:   hellmonk_temple_rainy

Skill      XL: |  1  2  3  4  5  6  7  8  9 10 11 |
---------------+----------------------------------+-----
Polearms       | 4 5 6 8 9 10 12 14 | 14.0
Fighting       | 5 8 9 11 12 | 12.0
Armour         | 2 6 9 10 | 10.0
Shields        | 2 4 7 |  7.3
Spellcasting   | |  1.0
Fire Magic     | |  2.1

Action                     |  1- 3 |  4- 6 |  7- 9 | 10-12 || total
---------------------------+-------+-------+-------+-------++-------
  Melee: Spear             |   128 |   243 |   374 |   423 ||  1168
         Headbutt          |    12 |    24 |    65 |    77 ||   178
  Throw: Throwing net      |       |     3 |     2 |       ||     5
 Invoke: Fiery Armour      |       |       |       |     4 ||     4
  Evoke: Wand              |       |       |       |     2 ||     2
    Use: Scroll            |     4 |       |     7 |     7 ||    18
         Potion            |       |       |       |     1 ||     1
   Stab: Held in net/web   |       |     2 |       |       ||     2
 Armour: Chain mail        |    52 |   124 |       |       ||   176
         Ring mail         |       |     3 |   160 |   272 ||   435
  Dodge: Dodged            |    19 |    29 |    77 |   100 ||   225
  Block: Kite shield       |    11 |    36 |    58 |   140 ||   245

Table legend: (Time is in decaauts)
 A = Elapsed time spent in this place.
 B = Non-inter-level travel time spent in this place.
 C = Inter-level travel time spent in this place.
 D = Time resting spent in this place.
 E = Time spent auto-exploring this place.
 F = Levels seen in this place.
 G = Mean time per level.
                   A        B        C        D        E       F      G
               +--------+--------+--------+--------+--------+-----+--------+
         Total |   9439 |   9161 |    278 |   1884 |   5218 |  11 |  858.1 |
       Dungeon |   9401 |   9135 |    266 |   1884 |   5218 |  10 |  940.1 |
        Temple |     37 |     25 |     12 |      0 |      0 |   1 |   37.0 |
               +--------+--------+--------+--------+--------+-----+--------+

Top non-repeatable levels by time:
     D:7: 1414 daAuts
     D:9: 1279 daAuts
     D:3: 1147 daAuts
     D:6: 1018 daAuts
     D:8: 991 daAuts
     D:4: 991 daAuts
     D:1: 752 daAuts
     D:2: 675 daAuts
     D:5: 666 daAuts
    D:10: 464 daAuts
  Temple: 37 daAuts
